Map: 10000 Feet LE

Players

Kan

  • Race: Zerg Zerg
  • League: Diamond
  • Spawn Location: 11:00

A.I. 1 (Very Easy) - Winner!

  • Race: Terran Terran
  • Spawn Location: 5:00

VOD

Have the link to the VOD?

Description

Time

  • Played on: May 23, 2026, 2:41 p.m.
  • Length: 6:20
Show
View Real Time Build Order
Export as new Build Order

Kan Zerg 

Build Orders: Hatch First 

Get SALT Encoding   

  12  0:00  Drone  
  13  0:09  Drone  
  14  0:16  Extractor, Drone  
  15  0:22  Overlord  
  16  0:42  Drone  
  16  0:50  Hatchery  
  16  0:55  Drone  
  16  0:56  Drone  
  17  1:00  Drone  
  18  1:10  Extractor  
  17  1:15  Spawning Pool  
  16  1:18  Drone  
  16  1:21  Drone  
  18  1:30  Drone  
  19  1:42  Drone  
  20  1:51  Drone  
  21  2:06  Queen  
  21  2:07  Queen  
  25  2:08  Zergling x2  
  25  2:09  Zergling x2  
  25  2:13  Overlord  
  27  2:16  Drone  
  28  2:27  Metabolic Boost  
  28  2:33  Drone x2  
  28  2:34  Drone  
  28  2:37  Drone  
  32  2:45  Hatchery  
  31  2:55  Drone  
  31  2:58  Overlord  
  32  3:00  Queen  
  32  3:03  Drone x2  
  36  3:17  Drone  
  36  3:18  Drone x3  
  40  3:21  Overlord  
  40  3:29  Drone x3  
  43  3:37  Drone  
  43  3:39  Queen  
  46  3:49  Queen  
  46  3:55  Overlord  
  48  3:59  Drone x2  
  48  4:00  Zergling x4  
  48  4:01  Zergling x2  
  53  4:24  Queen  
  53  4:28  Drone x8  
  53  4:30  Overlord  
  63  4:33  Lair  
  63  4:42  Overlord  
  63  4:43  Extractor  
  62  4:49  Overlord  
  62  4:50  Evolution Chamber, Drone  
  62  4:51  Drone x4  
  62  4:52  Baneling Nest  
  65  5:09  Drone  
  65  5:10  Drone x2  
  68  5:24  Extractor  
  68  5:25  Hatchery, Extractor, Drone  
  68  5:26  Drone x2  
  68  5:27  Drone x3  
  68  5:28  Drone  
  72  5:30  Spore Crawler  
  72  5:34  Drone x2  
  73  5:41  Spore Crawler  
  73  5:42  Drone x4  
  76  5:50  Drone x4  
  80  5:57  Infestation Pit  
Show
View Real Time Build Order
Export as new Build Order

A.I. 1 (Very Easy) Terran - Winner!

Build Orders:  

Get SALT Encoding   

  12  0:00  SCV  
  13  0:13  SCV  
  14  0:18  Supply Depot  
  14  0:36  Refinery  
  14  0:42  Barracks  
  14  1:05  Supply Depot  
  14  1:13  Refinery  
  14  1:29  Marine  
  14  1:30  SCV  
  16  1:43  SCV  
  17  1:55  SCV  
  18  2:05  Marine  
  18  2:07  SCV  
  20  2:19  SCV  
  21  2:31  SCV  
  22  2:42  Marine  
  22  2:44  Orbital Command  
  23  6:03  SCV  
  25  6:05  Supply Depot  
  25  6:07  Factory  
Tags
 
League
Diamond
Matchup
TvZ
Spawn Locations
Cross Positions
Add a new tag
Caveats
  • Supply blocks, unpowered buildings, or Contaminate may cause inaccurate times.
  • Supply counts are checked every 10 seconds.